Map: Eternal Empire LE

Players

antagomiR - Winner!

  • Race: Protoss Protoss
  • League: Gold
  • Spawn Location: 7:00

Hell

  • Race: Zerg Zerg
  • League: Silver
  • Spawn Location: 1:00

VOD

Have the link to the VOD?

Description

Time

  • Played on: April 13, 2020, 6:02 p.m.
  • Length: 27:12
Show
View Real Time Build Order
Export as new Build Order

antagomiR Protoss - Winner!

Build Orders:  

Get SALT Encoding   

  12  0:01  Probe  
  13  0:20  Probe  
  14  0:25  Pylon  
  14  0:32  Probe  
  15  0:46  Gateway  
  15  0:49  Probe  
  16  1:01  Probe  
  16  1:04  Assimilator  
  17  1:13  Probe  
  18  1:21  Assimilator  
  18  1:35  Cybernetics Core  
  18  1:48  Nexus  
  18  1:51  Probe (Chrono Boost)  
  19  2:00  Probe (Chrono Boost)  
  20  2:06  Warp Gate  
  20  2:07  Probe  
  20  2:08  Pylon  
  21  2:19  Probe  
  22  2:24  Adept (Chrono Boost)  
  24  2:32  Probe  
  25  2:44  Probe  
  25  2:47  Gateway  
  26  3:01  Robotics Facility  
  26  3:06  Probe x2  
  28  3:21  Probe x2, Gateway  
  30  3:27  Sentry  
  32  3:37  Probe x2  
  34  3:45  Pylon  
  34  3:48  Observer  
  35  3:49  Probe  
  35  3:53  Stalker  
  38  3:56  Probe  
  38  4:01  Shield Battery  
  38  4:02  Probe  
  40  4:08  Probe  
  41  4:18  Assimilator  
  41  4:21  Immortal, Assimilator  
  45  4:27  Probe x2  
  45  4:29  Phoenix  
  47  4:39  Probe x2, Pylon  
  47  4:41  Stalker  
  51  5:09  Nexus  
  51  5:12  Pylon  
  51  5:15  Pylon, Stalker  
  51  5:16  Zealot  
  55  5:36  Forge  
  55  5:40  Probe x2, Pylon  
  57  5:46  Twilight Council  
  57  5:52  Probe  
  58  6:01  Immortal  
  58  6:03  Probe  
  63  6:04  Probe  
  63  6:10  Protoss Ground Weapons Level 1 (Chrono Boost)  
  64  6:14  Photon Cannon  
  64  6:15  Probe  
  65  6:19  Pylon  
  65  6:26  Shield Battery  
  65  6:28  Shield Battery  
  65  6:30  Zealot  
  67  6:40  Immortal  
  71  6:48  Templar Archives  
  71  6:49  Stalker x2  
  71  6:53  Pylon  
  75  7:03  Photon Cannon  
  75  7:04  Photon Cannon  
  75  7:05  Gateway  
  75  7:08  Sentry  
  77  7:12  Probe x2  
  77  7:14  Probe  
  80  7:24  Probe x2  
  80  7:26  Probe  
  83  7:32  Zealot  
  83  7:33  Charge (Chrono Boost), Zealot x2  
  89  7:44  Psionic Storm  
  90  7:51  Probe x3  
  90  7:55  Assimilator  
  92  7:58  Gateway  
  92  8:00  Gateway, Assimilator  
  92  8:03  Probe x3  
  95  8:06  Stalker  
  95  8:07  Zealot  
  99  8:13  Pylon  
  99  8:15  Probe  
  100  8:30  High Templar  
  100  8:31  High Templar x2  
  106  8:35  Zealot  
  108  8:57  Gateway  
  108  8:58  Gateway  
  108  9:01  Gateway  
  108  9:02  Gateway  
  108  9:05  Gateway  
  108  9:06  Gateway  
  108  9:11  Probe  
  108  9:12  Probe x2, Gateway  
  108  9:14  Gateway  
  110  9:23  Probe  
  110  9:24  Probe x2  
  105  9:36  Probe x2  
  101  9:40  Zealot  
  101  9:41  Zealot x4  
  101  9:42  Zealot  
  111  10:03  High Templar x3  
  111  10:04  High Templar x2  
  111  10:05  High Templar x2, Nexus  
  125  10:08  Pylon  
  125  10:09  Archon x3  
  125  10:10  Pylon  
  125  10:25  Warp Prism  
  127  10:28  Zealot x2  
  127  10:29  Zealot x4  
  127  10:30  Zealot  
  127  10:35  Protoss Ground Weapons Level 2 (Chrono Boost)  
  141  10:44  Shield Battery  
  141  10:45  Shield Battery  
  141  10:48  Gateway  
  137  10:51  Gateway  
  137  10:53  Gateway  
  133  10:57  Photon Cannon  
  133  10:58  High Templar x3  
  133  10:59  High Templar  
  133  11:00  Photon Cannon, Zealot  
  133  11:03  Photon Cannon  
  139  11:08  Pylon  
  139  11:10  Pylon  
  139  11:11  Pylon  
  137  11:12  Pylon  
  137  11:13  Zealot  
  137  11:14  Pylon, Zealot  
  137  11:15  Pylon  
  141  11:22  Stalker  
  141  11:23  Stalker x4  
  141  11:24  Stalker  
  153  11:26  Archon x2  
  153  11:39  Immortal  
  153  11:48  Zealot x2  
  153  11:49  Zealot x4  
  153  11:50  Zealot  
  167  12:08  Assimilator  
  167  12:15  Assimilator  
  167  12:18  Immortal  
  168  12:47  Zealot x3  
  168  12:48  Zealot x5  
  168  12:49  Zealot x4  
  168  12:50  Zealot x2  
  176  13:16  Probe x3  
  171  13:28  Probe  
  171  13:33  Zealot x4  
  171  13:34  Zealot  
  182  13:35  Zealot  
  184  13:43  Probe x3  
  185  14:06  Stalker x2  
  178  14:29  Zealot x3  
  178  14:30  Zealot x2  
  140  15:52  Stalker x3  
  140  15:53  Stalker x2  
  140  15:54  Stalker x2  
  140  15:55  Stalker  
  138  16:37  Stalker  
  138  16:38  Stalker x5  
  138  16:39  Stalker x4  
  152  16:40  Stalker x3  
  152  16:41  Stalker x2  
  154  17:17  Stalker x4  
  154  17:18  Stalker x4  
  154  17:19  Stalker x4  
  154  17:20  Stalker x3  
  154  17:21  Stalker x2  
  176  17:40  Stargate  
  176  17:43  Stargate  
  176  17:46  Stargate  
  176  17:52  Nexus  
  176  18:00  High Templar x2  
  176  18:01  High Templar x3  
  176  18:02  High Templar  
  188  18:06  Archon x3  
  188  18:07  Nexus  
  186  18:44  Zealot  
  132  19:00  Observer  
  123  19:22  Observer  
  123  19:23  Stalker  
  123  19:24  Stalker x4  
  128  19:25  Stalker x4  
  128  19:26  Stalker x3  
  128  19:27  Stalker x3  
  128  19:28  Stalker x2  
  156  19:49  Zealot  
  156  19:50  Zealot x5  
  156  19:51  Zealot  
  140  20:27  High Templar  
  140  20:28  High Templar x2  
  132  20:54  Fleet Beacon  
  132  21:22  Zealot x5  
  142  21:39  Zealot x4  
  146  21:40  Zealot  
  130  22:23  Zealot x5  
  130  22:24  Zealot  
  140  22:40  Stalker  
  140  22:41  Stalker  
  140  22:42  Zealot  
  140  22:43  Zealot x4  
  140  22:44  Zealot x3  
  156  22:45  Zealot x2  
  164  23:29  Tempest x2  
  164  23:30  Tempest  
  179  24:12  Tempest  
  179  24:13  Tempest x2  
  194  24:55  Tempest  
  199  25:23  Unknown  
  179  26:15  Tempest  
  179  26:16  Tempest x2  
  194  26:27  Zealot x2  
  194  26:28  Zealot  
  196  26:44  Zealot  
  196  26:45  Zealot x2  
Show
View Real Time Build Order
Export as new Build Order

Hell Zerg 

Build Orders: 3 Hatch before Pool 

Get SALT Encoding   

  12  0:29  Hatchery  
  11  0:56  Drone x3  
  14  1:14  Hatchery  
  13  1:20  Overlord  
  13  1:44  Drone  
  13  1:46  Drone  
  15  1:49  Spawning Pool  
  15  1:50  Drone  
  15  2:04  Drone x2  
  15  2:07  Drone  
  18  2:10  Drone x2  
  20  2:28  Drone  
  21  2:32  Extractor  
  21  2:35  Extractor  
  19  2:40  Drone  
  19  2:41  Drone  
  21  2:44  Drone x3  
  21  2:47  Drone x2  
  21  2:49  Queen  
  28  3:03  Queen  
  30  3:09  Queen  
  32  3:23  Drone x2  
  32  3:25  Overlord  
  34  3:33  Roach Warren  
  34  3:34  Drone  
  34  3:42  Lair  
  34  3:49  Drone  
  34  3:50  Drone x2  
  37  3:58  Spine Crawler  
  36  4:04  Spine Crawler, Drone  
  36  4:05  Drone x4  
  40  4:15  Overlord  
  40  4:17  Overlord  
  40  4:18  Overlord  
  41  4:24  Drone x2  
  42  4:47  Hydralisk Den  
  41  4:55  Drone  
  41  4:56  Drone x5  
  47  5:01  Overseer, Extractor  
  47  5:03  Overseer, Extractor, Baneling Nest  
  47  5:06  Drone  
  45  5:07  Drone x4  
  49  5:36  Hydralisk x8  
  65  6:01  Overlord x3  
  65  6:13  Overlord x2  
  65  6:20  Drone  
  65  6:21  Drone x4, Evolution Chamber  
  65  6:24  Evolution Chamber  
  65  6:25  Extractor  
  67  6:30  Extractor  
  67  6:32  Overseer  
  66  6:43  Roach x2  
  70  6:54  Metabolic Boost  
  70  6:58  Zerg Missile Weapons Level 1  
  70  7:00  Zerg Ground Armor Level 1  
  70  7:04  Drone x9  
  70  7:06  Overlord  
  70  7:07  Drone x2  
  70  7:08  Drone  
  80  7:46  Queen  
  80  7:49  Queen  
  84  7:52  Roach  
  84  7:53  Roach x4  
  84  7:57  Roach x3  
  84  7:58  Overlord x3  
  100  8:01  Hatchery  
  99  8:11  Spore Crawler  
  98  8:19  Hatchery  
  97  8:21  Spire  
  97  8:22  Queen  
  97  8:24  Queen  
  100  8:27  Zergling x2  
  100  8:28  Zergling x12  
  100  8:30  Zergling x2  
  100  8:31  Zergling x8  
  102  9:36  Drone x2  
  98  9:40  Zerg Ground Armor Level 2, Zerg Missile Weapons Level 2  
  98  9:42  Zerg Flyer Weapons Level 1  
  98  9:51  Infestation Pit  
  97  9:54  Hatchery  
  97  9:58  Queen  
  98  10:01  Drone x2  
  98  10:02  Drone  
  98  10:05  Hatchery  
  98  10:06  Mutalisk  
  100  10:07  Mutalisk x5  
  100  10:13  Roach  
  100  10:14  Roach x10  
  134  10:17  Overlord x2  
  134  10:18  Overlord  
  134  10:22  Glial Reconstitution  
  134  10:29  Hive  
  134  10:35  Queen  
  134  10:40  Overlord x3  
  136  11:11  Queen  
  136  11:12  Queen  
  136  11:16  Zergling x12  
  146  11:23  Zergling x2  
  146  11:24  Zergling x14  
  154  11:37  Evolution Chamber  
  153  11:40  Drone x2  
  153  11:41  Drone x3  
  153  11:45  Queen  
  160  12:08  Drone x2  
  160  12:09  Drone x3  
  160  12:15  Drone x3  
  133  13:15  Burrow  
  130  13:21  Drone x6  
  130  13:23  Drone x3  
  138  13:37  Zerg Missile Weapons Level 3  
  138  13:39  Zerg Ground Armor Level 3  
  138  13:40  Zerg Melee Weapons Level 1  
  138  13:41  Zerg Flyer Weapons Level 2  
  138  13:43  Hydralisk  
  138  13:44  Hydralisk x5  
  138  13:46  Hydralisk x9  
  138  13:47  Hydralisk x10  
  188  13:57  Drone x3  
  188  14:02  Extractor  
  190  14:04  Extractor  
  189  14:24  Hatchery  
  188  14:40  Unknown  
  188  14:45  Overlord x5  
  145  15:17  Ravager x7  
  145  15:18  Ravager x2  
  148  15:26  Hydralisk x9  
  148  15:27  Hydralisk x9  
  140  15:37  Zergling x4  
  101  16:05  Muscular Augments  
  87  16:18  Lurker Den  
  78  16:32  Spine Crawler  
  78  16:34  Spine Crawler  
  78  16:36  Spine Crawler x2  
  78  16:38  Spine Crawler  
  68  16:46  Drone x3  
  62  16:47  Spine Crawler  
  61  16:56  Spine Crawler  
  61  16:58  Hydralisk x3  
  61  17:00  Hydralisk  
  61  17:01  Hydralisk x8  
  60  17:23  Drone x9  
  60  17:24  Lurker x3  
  60  17:26  Hydralisk  
  60  17:27  Hydralisk x5  
  62  17:30  Hydralisk x3  
  60  17:49  Hydralisk  
  60  17:54  Lurker x2  
  62  18:07  Hatchery  
  62  18:11  Hatchery  
  36  19:15  Overlord x3  
  36  19:28  Drone  
  37  19:57  Drone x4  
  41  20:00  Drone  
  41  20:04  Spawning Pool  
  41  20:05  Drone x10  
  40  20:09  Spawning Pool  
  39  20:16  Hatchery  
  38  20:21  Hatchery  
  25  20:54  Queen  
  27  20:58  Queen  
  27  21:00  Zergling x6  
  27  21:01  Zergling x4  
  27  21:02  Zergling x2  
  27  21:03  Zergling x4  
  27  21:04  Zergling x2  
  22  21:27  Zergling x4  
  22  21:28  Zergling x2  
  19  21:42  Hatchery  
  14  21:54  Zergling x6  
  14  21:56  Zergling x6  
  16  22:02  Zergling x2  
  16  22:03  Zergling x4  
  16  22:05  Queen  
  16  22:08  Zergling x6  
  12  22:20  Queen  
  11  22:43  Drone x3  
  14  23:19  Spawning Pool  
  13  23:26  Drone x3  
  16  23:27  Evolution Chamber  
  15  23:36  Drone x2  
  15  23:37  Drone  
  18  23:52  Hatchery  
  17  23:59  Hatchery  
  15  24:15  Queen, Baneling Nest  
  14  24:25  Hatchery  
  11  25:01  Baneling  
  11  25:02  Baneling x11  
  11  25:40  Evolution Chamber  
  9  25:48  Zergling x6  
Tags
 
Add a new tag
Caveats
  • Supply blocks, unpowered buildings, or Contaminate may cause inaccurate times.
  • Supply counts are checked every 10 seconds.